 Dungeon Crawl Stone Soup version 0.32-a0-747-gc8563f6773 (webtiles) character file.

Game seed: 10516366318075896707

4 cforsyth the Chopper (level 1, 0/19 HPs)
             Began as a Mountain Dwarf Cinder Acolyte on Mar 17, 2024.
             Was a High Priest of Ignis.
             Slain by a frilled lizard (3 damage)
             ... on level 1 of the Dungeon.
             The game lasted 00:00:21 (99 turns).

cforsyth the Chopper (Mountain Dwarf Cinder Acolyte)  Turns: 99, Time: 00:00:22

Health: 0/19       AC:  2    Str: 16    XL:     1   Next: 50%
Magic:  2/2        EV: 10    Int: 14    God:    Ignis [*****.]
Gold:   32         SH:  0    Dex:  5    Spells: 2/2 levels left

rFire   + . .        a - -1 hand axe (flame)
rCold   . . .        (no shield)
rNeg    . . .        b - +0 robe
rPois   .            (no helmet)
rElec   .            (no cloak)
rCorr   .            (no gloves)
SInv    .            (no boots)
Will    .....        (no amulet)
Stlth   +            (no ring)
HPRegen 0.23/turn    (no ring)
MPRegen 0.08/turn

%: no passive effects
@: no status effects
A: runic magic, artefact enchanting
a: Renounce Religion, Fiery Armour, Foxfire Swarm, Rising Flame


You were on level 1 of the Dungeon.
You worshipped Ignis.
Ignis was extremely pleased with you.
You visited 1 branch of the dungeon, and saw 1 of its levels.

You collected 32 gold pieces.


Innate Abilities, Weirdness & Mutations

Your spellcasting is much less encumbered by armour.
You can use scrolls of enchantment on lesser artefacts.


   Skills:
 + Level 3.3 Fighting
 + Level 3.7 Axes
 + Level 0.2 Armour
 + Level 1.0 Spellcasting
 + Level 3.7 Fire Magic


You had 2 spell levels left.
You didn't know any spells.
Your spell library contained the following spells:

 Spells                   Type           Power      Damage    Failure   Level
 Scorch                   Fire           22%        2d5       9%          2

Inventory:

Hand Weapons
 a - a -1 hand axe of flaming (weapon)
Armour
 b - a +0 robe (worn)
Potions
 c - a potion of heal wounds {unknown}

Dungeon Overview and Level Annotations

Branches:
Dungeon (1/15)

Altars:

≈§≈≈§# ≈≈≈≈§# ≈≈≈≈# ▓≈≈≈#
≈§≈## ##### .. ≈### #...#
...# ########## #####
#...#....#
......)..####...###...#...[.
.........'......@l..........
.........####...###...#.....
.........# #...# #...#.....
......#### #...# #...# ..S.
......# #...# ##### r..
####### ##### ...


You could see a frilled lizard.


Message History

The bat closely misses you. The bat hits you.
* * * LOW HITPOINT WARNING * * *
You see here a rat corpse.
The bat barely misses you.
You hit the bat. You burn the bat.
The bat is severely wounded.
The bat hits you but does no damage.
You hit the bat. You burn the bat.
You kill the bat!
You hit the ball python. You burn the ball python.
You kill the ball python!
A frilled lizard comes into view.
The frilled lizard hisses angrily.
Things that are here:
a bat corpse; a rat corpse A frilled lizard is nearby!
Things that are here:
a bat corpse; a rat corpse You closely miss the frilled lizard.
The frilled lizard bites you.
* * * LOW HITPOINT WARNING * * *
You closely miss the frilled lizard. The frilled lizard bites you.
* * * LOW HITPOINT WARNING * * *
You closely miss the frilled lizard. The frilled lizard bites you.
* * * LOW HITPOINT WARNING * * *
You miss the frilled lizard.
The frilled lizard bites you but does no damage.
You closely miss the frilled lizard. The frilled lizard bites you.
You die...
Ignis goes out, and joins you in death.

Action                     || total
---------------------------++-------
  Melee: Hand axe          ||    23
 Armour: Robe              ||    37
  Dodge: Dodged            ||    18

Levels and vault maps discovered:
D:1:      lightli_molten_gateway, layout_basic

Notes
Turn   | Place    | Note
-------+----------+-------------------------------------------
     0 | D:1      | cforsyth the Mountain Dwarf Cinder Acolyte began the quest
                  | for the Orb.
     0 | D:1      | Reached XP level 1. HP: 19/19 MP: 2/2
    99 | D:1      | Slain by a frilled lizard

Vanquished Creatures
  A bat (D:1)
  2 ball pythons (D:1)
  A rat (D:1)
4 creatures vanquished.

Table legend: (Time is in decaauts)
 A = Elapsed time spent in this place.
 B = Non-inter-level travel time spent in this place.
 C = Inter-level travel time spent in this place.
 D = Time resting spent in this place.
 E = Time spent auto-exploring this place.
 F = Levels seen in this place.
 G = Mean time per level.
                   A        B        C        D        E       F      G
               +--------+--------+--------+--------+--------+-----+--------+
         Total |    101 |    101 |      0 |      0 |     42 |   1 |  101.0 |
       Dungeon |    101 |    101 |      0 |      0 |     42 |   1 |  101.0 |
               +--------+--------+--------+--------+--------+-----+--------+

Top non-repeatable levels by time:
     D:1: 101 daAuts

Table legend:
 A = Non-vault XP
 B = Vault XP
 C = Vault XP percentage of total XP
 D = Non-vault monster count
 E = Vault monster count
 F = Vault count percentage of total count
                 A         B        C        D         E       F
            +---------+---------+-------+---------+---------+-------
      Total |       6 |       0 |   0.0 |       4 |       0 |   0.0
            +---------+---------+-------+---------+---------+-------
        D:1 |       6 |       0 |   0.0 |       4 |       0 |   0.0
            +---------+---------+-------+---------+---------+-------
